 Dungeon Crawl Stone Soup version 0.21.0-37-g46506fa (webtiles) character file.

8082 doot the Blocker (level 11, -10/91 (92) HPs)
             Began as a Minotaur Fighter on Jan 31, 2018.
             Was a Believer of Okawaru.
             Killed by Ozocubu's Refrigeration
             ... invoked by Fannar
              (14 damage)
             ... on level 10 of the Dungeon.
             The game lasted 00:23:30 (9853 turns).

doot the Blocker (Minotaur Fighter)                 Turns: 9853, Time: 00:23:31

HP:   -10/91 (92)   AC: 20    Str: 27    XL:     11   Next: 5%
MP:   10/10         EV: 11    Int:  5    God:    Okawaru [**....]
Gold: 173           SH: 20    Dex: 17    Spells: 10/10 levels left

rFire    + . .     SeeInvis .   Z - +1 long sword of Linearity {slice, rF+}
rCold    . . .     Gourm    .   r - +0 large shield
rNeg     . . .     Faith    .   b - +0 scale mail
rPois    .         Spirit   .   X - +2 hat
rElec    .         Reflect  .   (no cloak)
rCorr    .         Harm     .   F - +0 pair of gloves
MR       .....                  P - +2 pair of boots
Stlth    +.........             (no amulet)
HPRegen  0.25/turn              i - +5 ring of dexterity
MPRegen  0.12/turn              A - +5 ring of protection

@: mighty, hasted, very quick
A: retaliatory headbutt, horns 2
a: Heroism, Renounce Religion


You were on level 10 of the Dungeon.
You worshipped Okawaru.
Okawaru was pleased with you.
You were not hungry.

You visited 2 branches of the dungeon, and saw 11 of its levels.
You also visited: Sewer.

You collected 703 gold pieces.
You spent 530 gold pieces at shops.

Inventory:

Hand Weapons
 a - a +1 flail
 L - a +1 triple sword of freezing
 T - a -2 glaive
 Z - the +1 long sword of Linearity (weapon) {slice, rF+}
   (You bought it in a shop on level 10 of the Dungeon)

   It inflicts extra damage upon your enemies.
   It protects you from fire.
Armour
 b - a +0 scale mail (worn)
 r - a +0 large shield (worn)
 F - a +0 pair of gloves (worn)
 P - a +2 pair of boots (worn)
 X - a +2 hat (worn)
Jewellery
 i - a +5 ring of dexterity (left hand)
 j - an uncursed amulet of magic regeneration
 s - an uncursed ring of positive energy
 A - a +5 ring of protection (right hand)
 Q - an uncursed ring of see invisible
 U - an uncursed ring of magical power
 Y - an uncursed ring of positive energy
Wands
 w - a wand of random effects (25)
 y - a wand of digging (11)
 z - a wand of iceblast (9)
 W - a wand of paralysis (14)
Scrolls
 e - 13 scrolls of identify
 h - 3 scrolls of enchant weapon
 l - 4 scrolls of remove curse
 o - 4 scrolls of fear {unknown}
 p - 4 scrolls of enchant armour {unknown}
 t - 4 scrolls of immolation {unknown}
 u - 2 scrolls of fog {unknown}
 v - 2 scrolls of noise {unknown}
 x - 4 scrolls of teleportation {unknown}
 E - a scroll of blinking {unknown}
 M - a scroll of amnesia {unknown}
 N - a scroll of summoning {unknown}
Potions
 d - a potion of might
 g - 5 potions of haste
 k - 3 potions of brilliance {unknown}
 m - 5 potions of flight
 n - 3 potions of lignification {unknown}
 q - 5 potions of mutation {unknown}
 B - a potion of magic {unknown}
 C - a potion of agility {unknown}
 D - a potion of degeneration {unknown}
 H - a potion of resistance {unknown}
 J - a potion of ambrosia {unknown}
 K - 3 potions of curing {unknown}
 O - a potion of heal wounds {unknown}
Books
 I - a book of Misfortune

   Spells                             Type                      Level
   a - Confusing Touch                Hexes                        1
   b - Confuse                        Hexes                        3
   c - Gell's Gravitas                Translocation                3
   d - Petrify                        Transmutation/Earth          4
   e - Metabolic Englaciation         Hexes/Ice                    5
   f - Yara's Violent Unravelling     Hexes/Transmutation          5
 V - a book of Clouds

   Spells                             Type                      Level
   a - Poisonous Vapours              Poison/Air                   2
   b - Mephitic Cloud                 Conjuration/Poison/Air       3
   c - Conjure Flame                  Conjuration/Fire             3
   d - Freezing Cloud                 Conjuration/Ice/Air          6
   e - Ring of Flames                 Charms/Fire                  7
Comestibles
 f - 27 rations


   Skills:
 + Level 7.3 Fighting
 + Level 10.2 Long Blades
 + Level 7.3 Maces & Flails
 + Level 8.4 Armour
 + Level 5.3 Dodging
 + Level 1.2 Stealth
 + Level 11.7 Shields


You had 10 spell levels left.
You didn't know any spells.

Dungeon Overview and Level Annotations

Branches:
Dungeon (10/15)            Temple (1/1) D:4            Lair (0/6) D:10
    Orc: D:9-12

Altars:
Ashenzari
Cheibriados
Dithmenos
Elyvilon
Fedhas
Gozag
Hepliaklqana
Kikubaaqudgha
Makhleb
Nemelex Xobeh
Okawaru
Qazlal
Ru
Sif Muna
Trog
Uskayaw
Vehumet
Wu Jian
Xom
Yredelemnul
Zin
The Shining One

Shops:
D:6 (:=*   D:10 (

Annotations:
D:5 exclusion: orc wizard
D:7 daodarkstar's ghost, novice DsFi
D:10 Fannar


Innate Abilities, Weirdness & Mutations

You reflexively headbutt those who attack you in melee.
You have a pair of horns on your head.


Message History

Fannar is heavily wounded.
The ice beast hits you but does no damage.
Fannar hits you with a quarterstaff of freezing.
* * * LOW HITPOINT WARNING * * *
Fannar freezes you.
* * * LOW HITPOINT WARNING * * *
It was a potion of haste.
You feel yourself speed up. You block the ice beast's attack.
Fannar mumbles some strange words.
You slash Fannar!
Fannar is heavily wounded.
The ice beast closely misses you.
You riposte.
You closely miss the ice beast. You headbutt the ice beast.
The ice beast is lightly wounded.
You slice Fannar!! Your headbutt misses Fannar.
Fannar is almost dead.
Fannar casts a spell.
Fannar drains the heat from the surrounding environment!
You feel very cold.
You die...

#.......##.....#
#...>.((########
#.##.##.# #.##.# .#
#.##.##.# #.......#
#..."...#
####.#####
##########.
#....@###..........
#####Ye.Y.#########
#######


You could see Fannar and 2 ice beasts.

Vanquished Creatures
  A two-headed ogre (D:9)
  A komodo dragon (D:10)
  2 hippogriffs
  Grinder (D:3)
  A spriggan (D:7)
  5 yaks (D:6)
  A steam dragon (D:8)
  A hungry ghost (D:9)
  Grum (D:8)
  A water moccasin (D:5)
  A phantom (D:7)
  A sky beast (D:8)
  4 ice beasts
  4 black bears
  A necrophage (D:9)
  4 wolves (D:8)
  6 ogres
  3 centaurs
  A crocodile (D:10)
  A big kobold (D:8)
  5 bullfrogs
  A wyvern zombie (D:6)
  A gnoll sergeant (D:6)
  A wyvern skeleton (D:9)
  6 killer bees (D:10)
  5 scorpions
  2 bullfrog zombies (D:6)
  A quasit (D:6)
  8 crimson imps
  4 jellies
  2 bullfrog skeletons (D:9)
  7 hounds
  15 orc wizards
  An iron imp (D:7)
  2 iguanas
  Ijyb (D:3)
  Natasha (thrice) (D:3)
  Terence (D:2)
  13 worker ants
  2 hound skeletons
  2 hound zombies
  A worker ant zombie (D:6)
  A howler monkey skeleton (D:6)
  12 adders
  3 shadow imps
  3 oozes (Sewer)
  4 adder skeletons
  3 worms (Sewer)
  A dart slug (D:1)
  7 leopard geckos
  29 orcs
  11 giant cockroaches
  8 goblins
  6 hobgoblins
  6 jackals
  7 kobolds
  4 quokkas
  3 ball pythons
  18 bats
  4 frilled lizards
  A goblin skeleton (D:7)
  2 goblin zombies (D:7)
  2 kobold skeletons (D:7)
  3 kobold zombies (D:7)
  An orc skeleton (D:7)
  An orc zombie (D:7)
  3 quokka zombies
  7 rats
275 creatures vanquished.

Vanquished Creatures (others)
  A plant (D:10)
1 creature vanquished.

Grand Total: 276 creatures vanquished

Notes
Turn   | Place    | Note
-------+----------+-------------------------------------------
     0 | D:1      | doot the Minotaur Fighter began the quest for the Orb.
     0 | D:1      | Reached XP level 1. HP: 19/19 MP: 0/0
    84 | D:1      | Reached XP level 2. HP: 23/27 MP: 1/1
   288 | D:1      | Reached skill level 4 in Shields
   300 | D:1      | Reached XP level 3. HP: 31/33 MP: 2/2
   451 | D:2      | Noticed Terence
   461 | D:2      | Killed Terence
   622 | D:2      | Reached XP level 4. HP: 40/40 MP: 3/3
   663 | D:2      | Found a sparkling altar of Nemelex Xobeh.
   667 | D:2      | Found a sacrificial altar of Ru.
   690 | D:2      | Found a radiant altar of Vehumet.
   690 | D:2      | Found an ornate altar of the Wu Jian Council.
  1090 | D:3      | Noticed Ijyb
  1105 | D:3      | Killed Ijyb
  1165 | D:3      | Noticed Natasha
  1174 | D:3      | Killed Natasha
  1174 | D:3      | Reached XP level 5. HP: 35/47 MP: 4/4
  1362 | D:3      | Noticed Grinder
  1375 | D:3      | Killed Grinder
  1375 | D:3      | Reached skill level 5 in Armour
  1375 | D:3      | Reached skill level 1 in Dodging
  1375 | D:3      | Reached skill level 5 in Shields
  1375 | D:3      | Reached XP level 6. HP: 30/53 MP: 5/5
  1535 | D:3      | Reached skill level 5 in Maces & Flails
  1591 | D:3      | Found an opulent altar of Gozag.
  1591 | D:3      | Noticed Natasha
  1599 | D:3      | Killed Natasha
  1976 | D:3      | Noticed Natasha
  1981 | D:3      | Killed Natasha
  1984 | D:3      | Found a basalt altar of Yredelemnul.
  2122 | D:4      | Found a staircase to the Ecumenical Temple.
  2130 | Temple   | Entered the Ecumenical Temple
  2511 | D:4      | Reached XP level 7. HP: 60/60 MP: 6/6
  2512 | D:4      | Found a glowing drain.
  2521 | Sewer    | Entered a sewer
  3208 | D:5      | Entered Level 5 of the Dungeon
  3209 | D:5      | Found a hide-covered altar of Uskayaw.
  3210 | D:5      | Noticed a hand axe
  3210 | D:5      | Noticed a hand axe
  3316 | D:5      | Found a deep blue altar of Sif Muna.
  3559 | D:5      | Reached skill level 6 in Shields
  3584 | D:5      | Reached skill level 5 in Fighting
  4296 | D:6      | Found Emmypium's Book Shop.
  4325 | D:6      | Found a shattered altar of Ashenzari.
  4349 | D:6      | Found Humpoll's Antique Weapon Shop.
  4464 | D:6      | Found a shimmering altar of Xom.
  4566 | D:6      | Reached XP level 8. HP: 63/68 MP: 7/7
  4573 | D:6      | Reached skill level 1 in Long Blades
  4573 | D:6      | Reached skill level 1 in Stealth
  4676 | D:6      | Reached skill level 7 in Shields
  5307 | D:6      | Found a white marble altar of Elyvilon.
  5375 | D:6      | Reached skill level 8 in Shields
  5375 | D:6      | Reached XP level 9. HP: 74/75 MP: 8/8
  5376 | D:6      | Reached skill level 5 in Long Blades
  5955 | D:6      | Found Acwuocs's Jewellery Emporium.
  6021 | D:6      | Found Isuwnuos's Assorted Antiques.
  6029 | D:6      | Bought a pair of runed boots for 165 gold pieces
  6146 | D:7      | Noticed daodarkstar's ghost (novice DsFi)
  6206 | D:7      | Found a glowing golden altar of the Shining One.
  6323 | D:7      | Reached skill level 9 in Shields
  7114 | D:8      | Reached skill level 10 in Shields
  7114 | D:8      | Reached XP level 10. HP: 84/84 MP: 9/9
  7528 | D:8      | Noticed Grum
  7852 | D:8      | Killed Grum
  8226 | D:9      | Found an iron altar of Okawaru.
  8234 | D:9      | Became a worshipper of Warmaster Okawaru
  8354 | D:9      | Found an ancient bone altar of Kikubaaqudgha.
  8476 | D:9      | Noticed a two-headed ogre
  8488 | D:9      | Killed a two-headed ogre
  8488 | D:9      | Reached * piety under Okawaru
  8488 | D:9      | Reached skill level 11 in Shields
  8588 | D:9      | Reached skill level 5 in Dodging
  8960 | D:10     | Entered Level 10 of the Dungeon
  9061 | D:10     | Found Vore's Antique Weapon Emporium.
  9075 | D:10     | Bought a crude long sword for 144 gold pieces
  9075 | D:10     | Bought a glowing triple sword for 221 gold pieces
  9075 | D:10     | Identified the +1 long sword of Linearity {slice, rF+} (You bought it in a shop on level 10 of the Dungeon)
  9163 | D:10     | Reached ** piety under Okawaru
  9167 | D:10     | Found a staircase to the Lair.
  9220 | D:10     | Reached skill level 10 in Long Blades
  9464 | D:10     | Noticed a deep elf mage
  9464 | D:10     | Noticed a deep elf mage
  9550 | D:10     | Reached XP level 11. HP: 91/91 MP: 10/10
  9817 | D:10     | Noticed Fannar
  9850 | D:10     | HP: 4/91 [Fannar/quarterstaff of freezing (2)]
  9853 | D:10     | Killed from afar by Fannar

Skill      XL: |  1  2  3  4  5  6  7  8  9 10 |
---------------+-------------------------------+-----
Armour         | 4 5 6 7 8 |  8.4
Fighting       | 4 5 6 7 |  7.3
Shields        | 4 5 6 8 10 11 | 11.7
Maces & Flails | 3 4 5 7 |  7.3
Dodging        | 1 2 3 4 5 |  5.3
Long Blades    | 4 7 10 | 10.2
Stealth        | 1 |  1.2

Action                   |  1- 3 |  4- 6 |  7- 9 | 10-12 || total
-------------------------+-------+-------+-------+-------++-------
Melee: Flail             |    81 |   122 |   110 |       ||   313
       Headbutt          |    18 |    28 |   138 |   112 ||   296
       Falchion          |       |       |   366 |   284 ||   650
       Long sword        |       |       |       |   116 ||   116
  Use: Scroll            |       |       |     3 |     3 ||     6
       Potion            |       |       |     1 |     2 ||     3
  Eat: Chunk             |       |     5 |    12 |     8 ||    25
       Ration            |       |       |     1 |     1 ||     2
Armor: Scale mail        |    27 |    31 |   157 |    75 ||   290
       Ring mail         |       |       |       |    36 ||    36
Dodge: Dodged            |    27 |    24 |    96 |    94 ||   241
Block: Shield            |    40 |       |       |       ||    40
       Large shield      |     6 |    87 |   410 |   330 ||   833
       Rpst.: Falchion   |       |       |    20 |     9 ||    29
       Long sword        |       |       |       |    10 ||    10
